Map: Central Protocol

Players

puCK (Nina)

  • Race: Protoss Protoss
  • League: Grandmaster

LiquidTLO (TLO) - Winner!

  • Race: Zerg Zerg

Event: puCK vs TLO Bo9 (Matcherino)

VOD

Have the link to the VOD?

Description

Time

  • Played on: Nov. 17, 2015, 1:06 p.m.
  • Length: 8:09

All games in this series

Show
View Real Time Build Order
Export as new Build Order

puCK Protoss 

Build Orders: Nexus First, Blink Stalkers 

Get SALT Encoding   

  12  0:01  Probe (Chrono Boost)  
  13  0:11  Probe (Chrono Boost)  
  14  0:18  Pylon  
  14  0:22  Probe (Chrono Boost)  
  15  0:36  Probe (Chrono Boost)  
  16  0:47  Probe (Chrono Boost)  
  17  0:58  Probe (Chrono Boost)  
  17  1:01  Nexus  
  18  1:08  Probe (Chrono Boost)  
  19  1:15  Gateway  
  19  1:19  Probe (Chrono Boost)  
  19  1:22  Assimilator  
  20  1:27  Assimilator  
  20  1:30  Probe (Chrono Boost)  
  21  1:41  Probe (Chrono Boost), Pylon  
  22  1:52  Probe (Chrono Boost)  
  23  2:02  Probe (Chrono Boost)  
  23  2:05  Cybernetics Core  
  24  2:13  Probe (Chrono Boost)  
  25  2:16  Probe (Chrono Boost)  
  26  2:23  Probe (Chrono Boost)  
  26  2:27  Probe (Chrono Boost)  
  28  2:34  Probe (Chrono Boost)  
  29  2:41  Mothership Core (Chrono Boost), Adept (Chrono Boost)  
  33  2:44  Warp Gate  
  33  2:46  Probe  
  34  2:58  Probe (Chrono Boost)  
  35  3:03  Probe (Chrono Boost)  
  35  3:05  Sentry (Chrono Boost)  
  38  3:10  Probe (Chrono Boost)  
  38  3:11  Twilight Council  
  39  3:15  Probe (Chrono Boost)  
  40  3:21  Probe (Chrono Boost)  
  40  3:25  Probe (Chrono Boost)  
  42  3:31  Probe (Chrono Boost), Gateway  
  42  3:32  Gateway  
  43  3:36  Probe (Chrono Boost), Gateway  
  43  3:39  Pylon  
  44  3:42  Probe (Chrono Boost)  
  44  3:46  Probe (Chrono Boost)  
  46  3:52  Pylon  
  46  3:53  Pylon  
  46  3:54  Blink (Chrono Boost)  
  46  3:55  Probe  
  46  3:57  Probe  
  46  4:02  Pylon  
  45  4:08  Probe x2  
  47  4:16  Pylon  
  47  4:17  Gateway  
  47  4:18  Robotics Facility  
  47  4:20  Gateway  
  47  4:25  Pylon  
  46  4:37  Probe  
  47  4:40  Pylon  
  47  4:42  Pylon  
  47  4:44  Probe  
  38  5:00  Probe  
  38  5:01  Stalker x2  
  38  5:02  Stalker, Probe  
  46  5:12  Probe x2, Warp Prism (Chrono Boost)  
  48  5:23  Stalker x2, Probe  
  48  5:24  Probe  
  54  5:28  Assimilator x2  
  54  5:33  Probe  
  55  5:36  Probe  
  55  5:37  Stalker  
  55  5:41  Stalker  
  60  5:44  Probe  
  60  5:46  Stalker  
  60  5:48  Probe  
  64  5:54  Probe  
  65  6:00  Probe  
  65  6:02  Stalker x3  
  72  6:15  Pylon  
  72  6:17  Pylon  
  72  6:18  Stalker x2  
  76  6:21  Observer (Chrono Boost)  
  77  6:25  Gateway  
  77  6:26  Stalker  
  77  6:32  Stalker  
  79  6:44  Stalker x3  
  85  6:49  Stalker  
  87  6:56  Adept  
  87  6:58  Pylon  
  89  7:05  Gateway  
  89  7:08  Adept x3  
  91  7:11  Adept  
  91  7:14  Adept  
  99  7:32  Adept x4  
  53  7:44  Stalker x4  
  53  7:45  Stalker  
  59  7:55  Robotics Bay  
  59  8:05  Stalker x4  
Show
View Real Time Build Order
Export as new Build Order

LiquidTLO Zerg - Winner!

Build Orders: Hatch First 

Get SALT Encoding   

  12  0:01  Drone  
  13  0:12  Overlord  
  13  0:17  Drone  
  14  0:31  Drone x2  
  16  0:49  Hatchery  
  15  0:53  Drone  
  15  0:56  Drone  
  17  1:09  Spawning Pool  
  16  1:12  Drone  
  16  1:15  Extractor  
  16  1:17  Drone  
  17  1:24  Drone  
  18  1:28  Drone  
  19  1:43  Overlord  
  19  1:49  Drone  
  20  1:59  Queen  
  20  2:01  Queen  
  22  2:02  Zergling x4  
  26  2:11  Drone  
  27  2:15  Metabolic Boost  
  27  2:18  Drone  
  28  2:25  Drone x2  
  30  2:34  Drone x2  
  32  2:45  Hatchery  
  32  2:50  Drone x2  
  33  3:00  Overlord  
  32  3:07  Baneling Nest  
  32  3:11  Zergling x2  
  32  3:12  Zergling x6  
  35  3:20  Zergling x2  
  35  3:21  Zergling x8  
  35  3:22  Zergling x2  
  40  3:32  Overlord, Drone  
  41  3:42  Evolution Chamber, Drone  
  41  3:43  Drone x3  
  44  3:51  Drone  
  44  3:52  Drone x2  
  44  3:53  Drone  
  47  3:56  Drone  
  47  3:59  Baneling x4  
  47  4:00  Baneling x2  
  47  4:02  Baneling  
  48  4:04  Drone  
  48  4:06  Drone  
  48  4:09  Drone  
  51  4:10  Drone  
  51  4:14  Drone  
  53  4:22  Drone  
  53  4:23  Drone  
  52  4:25  Drone  
  52  4:26  Drone x2  
  56  4:31  Zergling x2  
  56  4:32  Drone  
  56  4:34  Zerg Melee Weapons Level 1  
  56  4:35  Drone  
  56  4:38  Drone  
  58  4:42  Overlord  
  58  4:46  Evolution Chamber  
  58  4:48  Extractor, Queen  
  56  5:02  Drone  
  56  5:03  Zergling x2  
  56  5:04  Zergling x16  
  65  5:18  Lair  
  65  5:19  Drone  
  65  5:20  Drone  
  65  5:21  Hatchery, Extractor  
  65  5:23  Drone  
  65  5:24  Drone  
  65  5:26  Extractor  
  65  5:27  Drone  
  65  5:32  Drone  
  65  5:35  Overlord x3  
  66  5:36  Overlord  
  66  5:41  Overlord, Zerg Ground Armor Level 1  
  66  5:47  Overlord  
  65  5:52  Queen  
  65  5:54  Overlord, Zergling x2  
  65  5:55  Zergling x6  
  65  5:56  Zergling x2  
  72  5:57  Zergling x2  
  72  6:00  Zergling x2  
  72  6:01  Zergling x2  
  72  6:02  Zergling x2  
  72  6:03  Zergling x2  
  72  6:04  Zergling x4  
  77  6:05  Zergling x4  
  77  6:08  Queen  
  77  6:09  Zergling x2  
  77  6:10  Zergling x2  
  82  6:11  Zergling x2  
  82  6:12  Zergling x2  
  82  6:17  Zergling x2  
  85  6:19  Hydralisk Den, Zergling x2  
  85  6:20  Zergling x2  
  86  6:30  Zergling x2  
  86  6:33  Zergling x4  
  86  6:34  Zergling x2  
  86  6:37  Zergling x6  
  86  6:38  Zergling x2  
  86  6:39  Zergling x8  
  90  6:40  Zergling x2  
  90  6:41  Zergling x2  
  90  6:45  Zergling x2  
  90  6:47  Zergling x2  
  91  6:48  Zergling x2  
  91  6:51  Muscular Augments  
  91  6:52  Hydralisk  
  94  6:55  Hydralisk x2  
  94  6:57  Zergling x2  
  94  6:58  Zergling x2  
  94  6:59  Hydralisk  
  102  7:03  Hydralisk  
  102  7:05  Zergling x2  
  102  7:06  Zergling x2  
  102  7:07  Zergling x2  
  102  7:08  Zergling x2  
  108  7:12  Drone x2  
  108  7:14  Zergling x4  
  112  7:16  Zergling x2  
  112  7:18  Hydralisk  
  112  7:20  Hydralisk  
  117  7:25  Zergling x2  
  114  7:31  Hydralisk, Spawning Pool  
  114  7:33  Hydralisk  
  103  7:38  Hydralisk  
  103  7:40  Hydralisk  
  103  7:41  Hydralisk  

Tags
 
Add a new tag
Caveats
  • Supply blocks, unpowered buildings, or Contaminate may cause inaccurate times.
  • Supply counts are checked every 10 seconds.